 Dungeon Crawl Stone Soup version 0.31-a0-1529-g7bd419a0e5 (webtiles) character file.

Game seed: 17135181196834759195

79 wildpjah the Slasher (level 4, -1/34 HPs)
             Began as a Demonspawn Gladiator on Dec 31, 2023.
             Was an Initiate of Okawaru.
             Incinerated by a bombardier beetle (6 damage)
             ... with a burning spray
             ... on level 3 of the Dungeon.
             The game lasted 00:02:24 (1775 turns).

wildpjah the Slasher (Demonspawn Gladiator)         Turns: 1775, Time: 00:02:25

Health: -1/34      AC: 11    Str: 15    XL:     4   Next: 17%
Magic:  4/4        EV:  8    Int:  8    God:    Okawaru [......]
Gold:   167        SH:  0    Dex: 16    Spells: 3/3 levels left

rFire   . . .        a - +0 long sword
rCold   . . .        (no shield)
rNeg    . . .        j - +0 chain mail
rPois   .            l - +2 helmet
rElec   .            (no cloak)
rCorr   .            (no gloves)
SInv    .            (no boots)
Will    .....        (no amulet) Stlth
                     (no ring)
HPRegen 0.25/turn    (no ring)
MPRegen 0.09/turn

%: no passive effects
@: on fire, glowing
A: claws 1, powered by death 1
a: Renounce Religion


You were on level 3 of the Dungeon.
You worshipped Okawaru.
Okawaru was noncommittal.
You visited 1 branch of the dungeon, and saw 3 of its levels.

You collected 167 gold pieces.

Inventory:

Hand Weapons
 a - a +0 long sword (weapon)
Missiles
 d - 2 throwing nets (quivered)
 h - 4 poisoned darts
Armour
 b - a +0 leather armour
 c - a +0 helmet
 j - a +0 chain mail (worn)
 l - a +2 helmet (worn)
Wands
 p - a wand of charming (15)
Scrolls
 f - a scroll of identify {unknown}
 g - a scroll of silence {unknown}
 k - 3 scrolls of immolation {unknown}
 m - 2 scrolls of teleportation {unknown}
 o - 4 scrolls of fear {unknown}
 r - a scroll of poison {unknown}
Potions
 i - a potion of curing {unknown}
 n - a potion of resistance {unknown}
 q - a potion of lignification {unknown}


   Skills:
 + Level 2.3 Fighting
 + Level 3.6 Long Blades
 + Level 2.1 Throwing
 + Level 1.1 Armour
 + Level 3.0 Dodging
 + Level 0.3 Stealth


You had 3 spell levels left.
You didn't know any spells.
Your spell library contained the following spells:

 Spells                   Type           Power      Damage    Failure   Level
 Magic Dart               Conj           0%         1d3       100%        1
 Necrotise                Necr           0%         1d4       100%        1
 Blink                    Tloc           0%         N/A       100%        2
 Vampiric Draining        Necr           0%         2d6       100%        3
 Curse of Agony           Necr           0%         N/A       100%        5
 Call Imp                 Summ           Unusable   N/A       N/A         2
 Summon Ice Beast         Ice/Summ       Unusable   N/A       N/A         3
 Martyr's Knell           Necr/Summ      Unusable   N/A       N/A         4
 Summon Mana Viper        Hex/Summ       Unusable   N/A       N/A         5
 Monstrous Menagerie      Summ           Unusable   N/A       N/A         7

Dungeon Overview and Level Annotations

Branches:
Dungeon (3/15)

Altars:
Okawaru

Shops:
D:1 !   D:2 [

Annotations:
D:3 2 transporters, Azoth's ghost, weakling VSWr


Innate Abilities, Weirdness & Mutations

You have sharp fingernails.
You regenerate a little health from kills.


Message History

You hit the bombardier beetle but do no damage.
The bombardier beetle is lightly wounded.
The liquid fire burns you!
You hit the bombardier beetle.
The bombardier beetle is lightly wounded.
The liquid fire burns you! The bombardier beetle bites you.
You hit the bombardier beetle.
The bombardier beetle is moderately wounded.
The liquid fire burns you!
The bombardier beetle bites you but does no damage.
You barely miss the bombardier beetle.
The bombardier beetle is moderately wounded.
The liquid fire burns you! The bombardier beetle bites you.
* * * LOW HITPOINT WARNING * * *
You hit the bombardier beetle.
The bombardier beetle is heavily wounded.
The liquid fire burns you!
* * * LOW HITPOINT WARNING * * *
Throw: javelin
Press: ? - help, Q - select action, (/) - cycle Shift-Dir - straight line, f - bombardier beetle
Aim: a bombardier beetle (heavily wounded, 70% to hit)
You throw a javelin.
The javelin barely misses the bombardier beetle.
The javelin pierces through the endoplasm.
The endoplasm is heavily wounded.
The liquid fire burns you!
* * * LOW HITPOINT WARNING * * *
The bombardier beetle bites you but does no damage.
Throw: 3 throwing nets
Press: ? - help, Q - select action, (/) - cycle Shift-Dir - straight line, f/p - bombardier beetle
Aim: a bombardier beetle (heavily wounded, 70% to hit)
You throw a throwing net.
The throwing net closely misses the bombardier beetle.
The throwing net hits the endoplasm.
The endoplasm effortlessly oozes through the net!
The endoplasm is heavily wounded.
The liquid fire burns you!
You die...

##..###########
.....##.........##
......'.........>#
...####..........#
...####..........#
###..............# #
#....#########J# #....#
#B# ###....# #@######.
..#....#########.......(
.............##..######|
......................:
..#########...#.#######
.##Jr....b##..#.#
.#8.##[##J8#..#.#
.#..##.##oW#..#.#
.#........r#..#.#


You could see a bombardier beetle, Azoth's ghost and an endoplasm.

Vanquished Creatures
  A gnoll (D:1)
  An adder (D:2)
  A dart slug (D:2)
  A ribbon worm (D:3)
  8 ball pythons
  5 bats
  7 endoplasms
  2 giant cockroaches (D:1)
  4 goblins
  3 hobgoblins
  6 jackals
  3 kobolds
  A quokka (D:2)
  3 frilled lizards
  6 rats
52 creatures vanquished.

Notes
Turn   | Place    | Note
-------+----------+-------------------------------------------
     0 | D:1      | wildpjah the Demonspawn Gladiator began the quest for the
                  | Orb.
     0 | D:1      | Reached XP level 1. HP: 16/16 MP: 1/1
   123 | D:1      | Found a faded altar of an unknown god.
   317 | D:1      | Gained mutation: You regenerate a little health from kills.
                  | [demonic ancestry]
   317 | D:1      | Reached XP level 2. HP: 22/22 MP: 2/2
   444 | D:1      | Found Achefemm's Distillery.
   588 | D:1      | Gained mutation: You have sharp fingernails. [demonic
                  | ancestry]
   588 | D:1      | Reached XP level 3. HP: 27/27 MP: 3/3
  1151 | D:2      | Reached skill level 1 in Armour
  1166 | D:2      | Found Isut's Antique Armour Shoppe.
  1398 | D:3      | Reached XP level 4. HP: 34/34 MP: 4/4
  1425 | D:3      | Found an iron altar of Okawaru.
  1431 | D:3      | Became a worshipper of Warmaster Okawaru
  1514 | D:3      | Found a transporter.
  1514 | D:3      | Noticed Azoth's ghost (weakling VSWr)
  1516 | D:3      | Found a transporter.
  1775 | D:3      | Incinerated by a bombardier beetle

Illustrated notes

Levels and vault maps discovered:
D:1:      saegor_arrival_simple_e, layout_basic, serial_shops, shop,
          chequers_ecumenical_altar_lobes
D:2:      layout_basic, serial_shops, shop, st_stairs_7
D:3:      layout_basic, old_standard_altar, gammafunk_ghost_arena, minivault_24

Skill      XL: |  1  2  3 |
---------------+----------+-----
Throwing       | 2 |  2.1
Long Blades    | 3 |  3.6
Dodging        | 3 |  3.0
Armour         | 1 |  1.1
Fighting       | |  2.3
Stealth        | |  0.3

Action                     |  1- 3 |  4- 6 || total
---------------------------+-------+-------++-------
  Melee: Long sword        |   129 |    31 ||   160
  Throw: Javelin           |       |     2 ||     2
         Throwing net      |       |     1 ||     1
   Stab: Sleeping          |     1 |       ||     1
 Armour: Leather armour    |    13 |       ||    13
         Chain mail        |   102 |    16 ||   118
  Dodge: Dodged            |    51 |    15 ||    66

Table legend: (Time is in decaauts)
 A = Elapsed time spent in this place.
 B = Non-inter-level travel time spent in this place.
 C = Inter-level travel time spent in this place.
 D = Time resting spent in this place.
 E = Time spent auto-exploring this place.
 F = Levels seen in this place.
 G = Mean time per level.
                   A        B        C        D        E       F      G
               +--------+--------+--------+--------+--------+-----+--------+
         Total |   1813 |   1785 |     28 |      0 |   1365 |   3 |  604.3 |
       Dungeon |   1813 |   1785 |     28 |      0 |   1365 |   3 |  604.3 |
               +--------+--------+--------+--------+--------+-----+--------+

Top non-repeatable levels by time:
     D:1: 779 daAuts
     D:2: 623 daAuts
     D:3: 410 daAuts
